Golden Knights vs Devils

Created - 6 avril 2020 at 17:04

Goals
1 2 3 T
Golden Knights 4 0 2 6
Devils 0 0 1 1
Shots
1 2 3 T
Golden Knights 19 9 15 43
Devils 8 12 8 28

1st period

1. Golden Knights , Nic Dowd 7 (Drake Caggiula 7) at 11:06
2. Golden Knights , Antoine Roussel 20 (Brock Boeser 39) at 11:16
3. Golden Knights , Derek Stepan 24 (Evgeni Malkin 58, Korbinian Holzer 9) at 12:10
4. Golden Knights , Evgeni Malkin 31 (Phil Kessel 39) at 19:14

Penalties :
Korbinian Holzer (VGK) for Holding Stick (Minor) at 1:33

2nd period

No Goal

Penalties :
Anze Kopitar (NJD) for Fighting (Major) at 6:00, Dustin Byfuglien (VGK) for Fighting (Major) at 6:00

3rd period

5. Golden Knights , Evgeni Malkin 32 (P.K. Subban 35) at 1:38
6. Golden Knights , Derek Stepan 25 (Blake Coleman 25, Connor Hellebuyck) at 5:55 (SH)
7. Devils , Radek Faksa 20 (Jesper Fast 10, Jeff Skinner 48) at 17:35

Penalties :
Dustin Byfuglien (VGK) for Roughing (Minor) at 4:42, Antoine Roussel (VGK) for Roughing (Minor) at 12:05, Alex DeBrincat (NJD) for Fighting (Major) at 16:43, Blake Coleman (VGK) for Fighting (Major) at 16:43, Anze Kopitar (NJD) for Hooking (Minor) at 19:05

Goalie Stats

Connor Hellebuyck (VGK), 27 saves from 28 shots - (0,964), W, 39-15-5, 60:00 minutes
Devan Dubnyk (NJD), 22 saves from 24 shots - (0,917), 40:46 minutes
Sergei Bobrovsky (NJD), 15 saves from 19 shots - (0,789), L, 35-18-6, 19:14 minutes

Players Stats for Golden Knights

Player Name              G  A  P  +/- PIM S  H  SB GA TA FO     MP     PP MP  PK MP  
------------------------------------------------------------------------------------
Antoine Roussel          1  0  1   2  2   2  0  0  1  0  0/0    18:56   0:46   1:08 
Blake Coleman            0  1  1   1  5   0  3  0  1  0  9/26   19:40   0:00   2:57 
Brock Boeser             0  1  1   1  0   5  0  0  1  0  3/4    17:48   0:46   0:00 
Brooks Orpik             0  0  0   1  0   3  1  0  0  0  0/0    20:38   0:36   2:11 
Byron Froese             0  0  0  -1  0   0  0  0  0  0  0/1     6:15   0:00   0:00 
Daniel O'Regan           0  0  0  -1  0   1  0  0  0  0  0/0     6:38   0:23   0:00 
Derek Stepan             2  0  2   3  0   4  2  0  1  2  0/0    21:38   0:00   3:34 
Drake Caggiula           0  1  1   1  0   1  3  0  0  1  0/0    11:55   0:08   0:00 
Dustin Byfuglien         0  0  0   1  7   3  3  1  0  0  0/0    17:56   0:18   1:03 
Evgeni Malkin            2  1  3   3  0   8  0  0  0  1  14/26  18:50   0:00   0:47 
Korbinian Holzer         0  1  1   3  2   0  0  1  0  0  0/0    16:36   0:00   2:39 
Kris Russell             0  0  0   3  0   3  0  1  0  0  0/0    18:58   0:00   3:55 
Kyle Okposo              0  0  0   1  0   1  2  0  3  0  1/1    12:45   0:39   0:00 
Mark Barberio            0  0  0   0  0   0  0  0  0  0  0/0     2:49   0:00   1:07 
Nic Dowd                 1  0  1   2  0   3  0  0  0  0  6/8    13:08   0:00   1:20 
P.K. Subban              0  1  1   1  0   4  1  1  0  2  0/0    21:29   0:18   0:03 
Patrik Berglund          0  0  0  -1  0   0  0  0  0  1  0/1     7:20   0:00   1:05 
Phil Kessel              0  1  1   3  0   2  0  0  1  0  0/1    18:03   0:00   0:00 
Ryan Pulock              0  0  0   1  0   3  2  0  0  1  0/0    22:36   0:36   1:59 

Players Stats for Devils

Player Name              G  A  P  +/- PIM S  H  SB GA TA FO     MP     PP MP  PK MP  
------------------------------------------------------------------------------------
Alex DeBrincat           0  0  0  -1  5   4  1  0  0  0  1/1    18:16   2:49   0:00 
Anze Kopitar             0  0  0  -4  7   2  0  0  1  0  13/23  18:44   2:59   0:00 
Calvin de Haan           0  0  0  -2  0   1  1  2  0  1  0/0    24:10   1:58   0:40 
Dominik Kahun            0  0  0  -1  0   3  0  0  1  0  0/0    12:30   0:09   0:07 
Jared Spurgeon           0  0  0  -4  0   2  0  1  1  1  0/0    24:52   1:58   0:14 
Jeff Skinner             0  1  1  -1  0   1  0  0  3  1  0/1    18:59   2:53   0:00 
Jesper Fast              0  1  1   1  0   2  0  0  0  0  1/2     8:31   0:05   0:40 
Johnny Gaudreau          0  0  0  -4  0   3  1  1  1  0  0/1    20:23   2:59   0:00 
Jonathon Merrill         0  0  0  -1  0   1  2  5  1  1  0/0    19:10   0:00   0:40 
Kyle Turris              0  0  0  -1  0   2  2  0  0  1  2/2    12:44   0:00   0:07 
Michael Del Zotto        0  0  0   0  0   0  3  2  0  0  0/0    11:36   0:00   0:00 
Neal Pionk               0  0  0  -3  0   0  6  4  0  2  0/0    24:00   3:59   0:00 
Patrice Bergeron         0  0  0  -1  0   1  0  0  0  0  15/27  19:42   2:53   0:00 
Pavel Buchnevich         0  0  0  -4  0   2  0  1  0  0  1/3    20:23   2:59   0:00 
Radek Faksa              1  0  1   1  0   1  2  0  0  0  1/2     8:24   0:00   0:40 
Sam Steel                0  0  0  -1  0   2  1  0  0  0  1/6    12:36   0:05   0:07 
Torey Krug               0  0  0   0  0   1  1  1  0  1  0/0    16:12   3:59   0:14 
Valtteri Filppula        0  0  0   1  0   0  0  1  0  0  0/0     7:51   0:00   0:07 

3 Stars

1 - Evgeni Malkin (VGK)
2 - Derek Stepan (VGK)
3 - Connor Hellebuyck (VGK)

Power Play

Golden Knights - 0 on 1 Attempt(s) - 0,00%
Devils - 0 on 3 Attempt(s) - 0,00%

Penalty Kill

Golden Knights - 3 on 3 Attempt(s) - 100,00% - Score 1 goal in Penalty Kill
Devils - 1 on 1 Attempt(s) - 100,00% - Score 0 goal in Penalty Kill

Team Stat

Golden Knights - Hits : 17 - Faceoff Wins : 33 - Blocked Shots : 4 - Penalty Minutes : 16
Devils - Hits : 20 - Faceoff Wins : 35 - Blocked Shots : 18 - Penalty Minutes : 12

Official

Referees : Gord Dwyer and Kelly Sutherland
Linesman : Mark Shewchyk and Lonnie Cameron

Game Notes

Devan Dubnyk enters game at 19:14 of 1st period
Anze Kopitar and Dustin Byfuglien fight to a draw at 6:00 of 2nd period
5:55 of 3rd period - Golden Knights goal is going for a video replay. After video review, Goal.
Alex DeBrincat beats up Blake Coleman at 16:43 of 3rd period

Finance

Level 1 -- Attendance: 5297 (88,28%) -- Ticket Income 529 700 $
Level 2 -- Attendance: 5000 (100,00%) -- Ticket Income 300 000 $
Level 3 -- Attendance: 2000 (100,00%) -- Ticket Income 70 000 $
Level 4 -- Attendance: 4000 (100,00%) -- Ticket Income 80 000 $
Luxury Box -- Attendance: 827 (82,70%) -- Ticket Income 165 400 $
Game was played at the Hellgates Center.
Total Attendance: 17124 (95,13%)
Total Ticket Income: 1 145 100 $
Other Income: 561 099 $
Total Income: 1 706 199 $

Golden Knights

5 vs 5 Forward 
   Center                   Left Wing                Right Wing               Time % Phy DF OF 
 1 Evgeni Malkin            Derek Stepan             Phil Kessel              37     0   1  4  
 2 Blake Coleman            Antoine Roussel          Brock Boeser             36     0   2  3  
 3 Nic Dowd                 Kyle Okposo              Drake Caggiula           26     0   3  2  
 4 Byron Froese             Daniel O'Regan           Patrik Berglund          1      0   3  2  

5 vs 5 Defense 
   Defense                  Defense                                           Time % Phy DF OF 
 1 Dustin Byfuglien         P.K. Subban                                       36     0   1  4  
 2 Ryan Pulock              Brooks Orpik                                      34     0   2  3  
 3 Kris Russell             Korbinian Holzer                                  25     0   3  2  
 4 Ryan Pulock              P.K. Subban                                       5      0   4  1  

PowerPlay Forward 
   Center                   Left Wing                Right Wing               Time % Phy DF OF 
 1 Evgeni Malkin            Derek Stepan             Phil Kessel              55     0   1  4  
 2 Blake Coleman            Antoine Roussel          Brock Boeser             45     0   1  4  

PowerPlay Defense
   Defense                  Defense                                           Time % Phy DF OF 
 1 Dustin Byfuglien         P.K. Subban                                       55     0   2  3  
 2 Ryan Pulock              Brooks Orpik                                      45     0   2  3  

Penalty Kill 4 Players Forward 
   Center                   Wing                     Time % Phy DF OF 
 1 Blake Coleman            Derek Stepan             60     0   3  2  
 2 Nic Dowd                 Antoine Roussel          40     0   3  2  

Penalty Kill 4 Players Defense
   Defense                  Defense                  Time % Phy DF OF 
 1 Kris Russell             Korbinian Holzer         55     0   4  1  
 2 Ryan Pulock              Brooks Orpik             45     0   4  1  

Penalty Kill - 3 Players Forward 
   Forward                                           Time % Phy DF OF 
 1 Blake Coleman                                     55     0   3  2  
 2 Nic Dowd                                          45     0   3  2  

Penalty Kill - 3 Players Defense
   Defense                  Defense                  Time % Phy DF OF 
 1 Kris Russell             Korbinian Holzer         55     0   4  1  
 2 Ryan Pulock              Brooks Orpik             45     0   4  1  

4 vs 4 Forward 
   Center                   Wing                     Time % Phy DF OF 
 1 Evgeni Malkin            Phil Kessel              55     0   2  3  
 2 Derek Stepan             Brock Boeser             45     0   2  3  

4 vs 4 Defense
   Defense                  Defense                  Time % Phy DF OF 
 1 Ryan Pulock              P.K. Subban              55     0   2  3  
 2 Dustin Byfuglien         Brooks Orpik             45     0   2  3  

Last Minutes Offensive
   Center                   Left Wing                Right Wing               Defense                  Defense                  
   Evgeni Malkin            Derek Stepan             Brock Boeser             Dustin Byfuglien         P.K. Subban              

Last Minutes Defensive
   Center                   Left Wing                Right Wing               Defense                  Defense                  
   Evgeni Malkin            Derek Stepan             Antoine Roussel          Ryan Pulock              P.K. Subban              

Goaltenders
Starting : Connor Hellebuyck        
Backup : Louis Domingue           

Extra Forwards
Normal : Kyle Okposo, Nic Dowd, Patrik Berglund - PP : Kyle Okposo, Daniel O'Regan - PK : Patrik Berglund
Extra Defensemen
Normal : Kris Russell, Korbinian Holzer, Mark Barberio - PP : Kris Russell - PK : Korbinian Holzer, Mark Barberio
Penalty Shots
Evgeni Malkin, Brock Boeser, Phil Kessel, Blake Coleman, Derek Stepan
Custom OT Lines Forwards
Evgeni Malkin, Blake Coleman, Brock Boeser, Derek Stepan, Phil Kessel, Antoine Roussel, Kyle Okposo, Nic Dowd, Byron Froese, Patrik Berglund
Custom OT Lines Defensemen
Ryan Pulock, P.K. Subban, Dustin Byfuglien, Brooks Orpik, Korbinian Holzer

Scratches
Austin Watson (Left Knee Injury)

Devils

5 vs 5 Forward 
   Center                   Left Wing                Right Wing               Time % Phy DF OF 
 1 Patrice Bergeron         Jeff Skinner             Alex DeBrincat           34     0   1  4  
 2 Anze Kopitar             Johnny Gaudreau          Pavel Buchnevich         34     0   1  4  
 3 Sam Steel                Dominik Kahun            Kyle Turris              22     0   1  4  
 4 Radek Faksa              Valtteri Filppula        Jesper Fast              10     0   2  3  

5 vs 5 Defense 
   Defense                  Defense                                           Time % Phy DF OF 
 1 Jared Spurgeon           Neal Pionk                                        37     0   2  3  
 2 Jonathon Merrill         Calvin de Haan                                    37     0   2  3  
 3 Michael Del Zotto        Torey Krug                                        20     1   3  1  
 4 Jared Spurgeon           Calvin de Haan                                    6      1   3  1  

PowerPlay Forward 
   Center                   Left Wing                Right Wing               Time % Phy DF OF 
 1 Patrice Bergeron         Jeff Skinner             Alex DeBrincat           50     0   0  5  
 2 Anze Kopitar             Johnny Gaudreau          Pavel Buchnevich         50     0   0  5  

PowerPlay Defense
   Defense                  Defense                                           Time % Phy DF OF 
 1 Torey Krug               Neal Pionk                                        67     0   0  5  
 2 Calvin de Haan           Jared Spurgeon                                    33     0   0  5  

Penalty Kill 4 Players Forward 
   Center                   Wing                     Time % Phy DF OF 
 1 Radek Faksa              Jesper Fast              60     1   4  0  
 2 Valtteri Filppula        Sam Steel                40     1   4  0  

Penalty Kill 4 Players Defense
   Defense                  Defense                  Time % Phy DF OF 
 1 Calvin de Haan           Neal Pionk               55     1   4  0  
 2 Jared Spurgeon           Torey Krug               45     1   4  0  

Penalty Kill - 3 Players Forward 
   Forward                                           Time % Phy DF OF 
 1 Radek Faksa                                       60     0   5  0  
 2 Valtteri Filppula                                 40     0   5  0  

Penalty Kill - 3 Players Defense
   Defense                  Defense                  Time % Phy DF OF 
 1 Calvin de Haan           Torey Krug               59     1   4  0  
 2 Jared Spurgeon           Michael Del Zotto        41     1   4  0  

4 vs 4 Forward 
   Center                   Wing                     Time % Phy DF OF 
 1 Patrice Bergeron         Johnny Gaudreau          50     0   1  4  
 2 Anze Kopitar             Alex DeBrincat           50     0   1  4  

4 vs 4 Defense
   Defense                  Defense                  Time % Phy DF OF 
 1 Torey Krug               Calvin de Haan           52     1   2  2  
 2 Jared Spurgeon           Jonathon Merrill         48     1   2  2  

Last Minutes Offensive
   Center                   Left Wing                Right Wing               Defense                  Defense                  
   Patrice Bergeron         Jeff Skinner             Johnny Gaudreau          Torey Krug               Jared Spurgeon           

Last Minutes Defensive
   Center                   Left Wing                Right Wing               Defense                  Defense                  
   Anze Kopitar             Valtteri Filppula        Jesper Fast              Jared Spurgeon           Neal Pionk               

Goaltenders
Starting : Sergei Bobrovsky         
Backup : Devan Dubnyk             

Extra Forwards
Normal : Anze Kopitar, Patrice Bergeron, Kyle Turris - PP : Anze Kopitar, Patrice Bergeron - PK : Kyle Turris
Extra Defensemen
Normal : Calvin de Haan, Torey Krug, Jared Spurgeon - PP : Jared Spurgeon - PK : Calvin de Haan, Jared Spurgeon
Penalty Shots
Johnny Gaudreau, Anze Kopitar, Calvin de Haan, Kyle Turris, Patrice Bergeron
Custom OT Lines Forwards
Valtteri Filppula, Pavel Buchnevich, Jeff Skinner, Sam Steel, Alex DeBrincat, Anze Kopitar, Patrice Bergeron, Radek Faksa, Kyle Turris, Johnny Gaudreau
Custom OT Lines Defensemen
Torey Krug, Neal Pionk, Jared Spurgeon, Calvin de Haan, Jonathon Merrill

Scratches
Brandon Carlo (Dislocated Patella Injury), Roope Hintz (Healthy), Cal O'Reilly (Healthy)

% Time on Ice - Golden Knights

Lines # - Real PCT - Wanted PCT - Time Play
Normal Forward
1 - 34% - 37% - 18:04
2 - 32% - 36% - 17:03
3 - 22% - 26% - 11:47
4 - 12% - 1% - 6:15
Normal Defense
1 - 38% - 36% - 20:00
2 - 34% - 34% - 17:51
3 - 25% - 25% - 13:07
4 - 4% - 5% - 2:11
PP Forward
1 - 0% - 55% - 0:00
2 - 100% - 45% - 0:54
PP Defense
1 - 33% - 55% - 0:18
2 - 67% - 45% - 0:36
PK Forward
1 - 78% - 60% - 4:37
2 - 22% - 40% - 1:20
PK Defense
1 - 67% - 55% - 3:58
2 - 33% - 45% - 1:59
PK3 Forward
1 - 0% - 55%
2 - 0% - 45%
PK3 Defense
1 - 0% - 55%
2 - 0% - 45%
44 Forward
1 - 0% - 55%
2 - 0% - 45%
44 Defense
1 - 0% - 55%
2 - 0% - 45%
Last Minute Offensive  - 0:00
Last Minute Defensive  - 0:00
Total
Forward - 60:00
Defense - 60:00

% Time on Ice - Devils

Lines # - Real PCT - Wanted PCT - Time Play
Normal Forward
1 - 30% - 34% - 16:08
2 - 33% - 34% - 17:24
3 - 22% - 22% - 11:53
4 - 15% - 10% - 7:44
Normal Defense
1 - 38% - 37% - 20:01
2 - 36% - 37% - 19:14
3 - 22% - 20% - 11:36
4 - 4% - 6% - 2:18
PP Forward
1 - 50% - 50% - 2:58
2 - 50% - 50% - 2:59
PP Defense
1 - 67% - 67% - 3:59
2 - 33% - 33% - 1:58
PK Forward
1 - 87% - 60% - 0:47
2 - 13% - 40% - 0:07
PK Defense
1 - 74% - 55% - 0:40
2 - 26% - 45% - 0:14
PK3 Forward
1 - 0% - 60%
2 - 0% - 40%
PK3 Defense
1 - 0% - 59%
2 - 0% - 41%
44 Forward
1 - 0% - 50%
2 - 0% - 50%
44 Defense
1 - 0% - 52%
2 - 0% - 48%
Last Minute Offensive  - 0:00
Last Minute Defensive  - 0:00
Total
Forward - 60:00
Defense - 60:00

Play-by-Play

1st period


0:01 of 1st period - Evgeni Malkin wins face-off versus Patrice Bergeron in neutral zone.
0:26 of 1st period - Jared Spurgeon is hit by Blake Coleman and loses puck.
0:51 of 1st period - Jonathon Merrill is hit by Kyle Okposo and loses puck.
1:33 of 1st period - Minor Penalty to Korbinian Holzer for Holding Stick.
1:34 of 1st period - Alex DeBrincat wins face-off versus Blake Coleman in Golden Knights zone.
3:33 of 1st period - Penalty to Korbinian Holzer is over, Korbinian Holzer is back on ice.
4:20 of 1st period - Slapshot by Dustin Byfuglien.
4:20 of 1st period - Deflect By Derek Stepan.
4:20 of 1st period - Stopped by Sergei Bobrovsky with a rebound.
4:22 of 1st period - Wrist shot by Derek Stepan.
4:22 of 1st period - Deflect By Evgeni Malkin.
4:22 of 1st period - Stopped by Sergei Bobrovsky with a rebound.
4:26 of 1st period - Snap shot by Evgeni Malkin.
4:26 of 1st period - Shot Misses the Net.
4:48 of 1st period - Jonathon Merrill is hit by Drake Caggiula and loses puck.
5:31 of 1st period - Antoine Roussel is hit by Sam Steel and loses puck.
5:52 of 1st period - Patrik Berglund is hit by Michael Del Zotto and loses puck.
7:01 of 1st period - Slapshot by P.K. Subban.
7:01 of 1st period - Stopped by Sergei Bobrovsky without a rebound.
7:02 of 1st period - Blake Coleman wins face-off versus Anze Kopitar in Devils zone.
7:08 of 1st period - Snap shot by Brock Boeser.
7:08 of 1st period - Stopped by Sergei Bobrovsky with a rebound.
7:10 of 1st period - Slapshot by Brooks Orpik.
7:10 of 1st period - Stopped by Sergei Bobrovsky with a rebound.
7:12 of 1st period - Slapshot by Brooks Orpik.
7:12 of 1st period - Deflect By Anze Kopitar.
7:12 of 1st period - Stopped by Sergei Bobrovsky with a rebound.
7:47 of 1st period - Wrist shot by Kyle Turris.
7:47 of 1st period - Stopped by Connor Hellebuyck without a rebound.
7:48 of 1st period - Evgeni Malkin wins face-off versus Sam Steel in Golden Knights zone.
7:57 of 1st period - Sam Steel is hit by Derek Stepan and loses puck.
8:34 of 1st period - Wrist shot by Phil Kessel.
8:34 of 1st period - Shot Misses the Net.
8:50 of 1st period - Wrist shot by Dominik Kahun.
8:50 of 1st period - Shot Misses the Net.
8:56 of 1st period - Slapshot by Sam Steel.
8:56 of 1st period - Stopped by Connor Hellebuyck without a rebound.
8:57 of 1st period - Brock Boeser wins face-off versus Anze Kopitar in Golden Knights zone.
9:06 of 1st period - Wrist shot by Johnny Gaudreau.
9:06 of 1st period - Shot Misses the Net.
9:08 of 1st period - Slapshot by Pavel Buchnevich.
9:08 of 1st period - Stopped by Connor Hellebuyck without a rebound.
9:09 of 1st period - Blake Coleman wins face-off versus Anze Kopitar in Golden Knights zone.
9:59 of 1st period - Ryan Pulock is hit by Neal Pionk and loses puck.
10:22 of 1st period - Slapshot by Johnny Gaudreau.
10:22 of 1st period - Shot Misses the Net.
10:58 of 1st period - Slapshot by Dustin Byfuglien.
10:58 of 1st period - Deflect By Drake Caggiula.
10:58 of 1st period - Shot Misses the Net.
10:58 of 1st period - Puck is out of play.
10:59 of 1st period - Nic Dowd wins face-off versus Sam Steel in Devils zone.
11:06 of 1st period - Slapshot by Nic Dowd.
11:06 of 1st period - Goal by Nic Dowd - Golden Knights : 1 - Devils : 0.
11:07 of 1st period - Brock Boeser wins face-off versus Pavel Buchnevich in neutral zone.
11:14 of 1st period - Snap shot by Antoine Roussel.
11:14 of 1st period - Shot Blocked by Jonathon Merrill.
11:16 of 1st period - Snap shot by Antoine Roussel.
11:16 of 1st period - Goal by Antoine Roussel - Golden Knights : 2 - Devils : 0.
11:17 of 1st period - Patrice Bergeron wins face-off versus Blake Coleman in neutral zone.
11:20 of 1st period - Snap shot by Alex DeBrincat.
11:20 of 1st period - Stopped by Connor Hellebuyck with a rebound.
11:46 of 1st period - Icing by Pavel Buchnevich.
11:47 of 1st period - Evgeni Malkin wins face-off versus Anze Kopitar in Devils zone.
12:08 of 1st period - Wrist shot by Evgeni Malkin.
12:08 of 1st period - Shot Misses the Net.
12:10 of 1st period - Slapshot by Derek Stepan.
12:10 of 1st period - Deflect By Pavel Buchnevich.
12:10 of 1st period - Goal by Derek Stepan - Golden Knights : 3 - Devils : 0.
12:11 of 1st period - Blake Coleman wins face-off versus Jeff Skinner in neutral zone.
12:24 of 1st period - Slapshot by Blake Coleman.
12:24 of 1st period - Shot Misses the Net.
12:26 of 1st period - Slapshot by Ryan Pulock.
12:26 of 1st period - Deflect By Jared Spurgeon.
12:26 of 1st period - Stopped by Sergei Bobrovsky with a rebound.
12:36 of 1st period - Alex DeBrincat is hit by Ryan Pulock and loses puck.
12:41 of 1st period - Wrist shot by Evgeni Malkin.
12:41 of 1st period - Shot Misses the Net.
12:49 of 1st period - Wrist shot by Phil Kessel.
12:49 of 1st period - Stopped by Sergei Bobrovsky without a rebound.
12:50 of 1st period - Anze Kopitar wins face-off versus Blake Coleman in Devils zone.
13:15 of 1st period - Korbinian Holzer is hit by Kyle Turris and loses puck.
13:31 of 1st period - Icing by Dominik Kahun.
13:32 of 1st period - Evgeni Malkin wins face-off versus Sam Steel in Devils zone.
13:47 of 1st period - Wrist shot by Brock Boeser.
13:47 of 1st period - Shot Misses the Net.
14:57 of 1st period - Wrist shot by Brock Boeser.
14:57 of 1st period - Shot Misses the Net.
15:09 of 1st period - Backhand shot by Kris Russell.
15:09 of 1st period - Stopped by Sergei Bobrovsky with a rebound.
15:14 of 1st period - Off-side.
15:15 of 1st period - Patrice Bergeron wins face-off versus Phil Kessel in neutral zone.
16:08 of 1st period - Slapshot by Kyle Okposo.
16:08 of 1st period - Shot Misses the Net.
16:10 of 1st period - Slapshot by Kyle Okposo.
16:10 of 1st period - Stopped by Sergei Bobrovsky with a rebound.
16:12 of 1st period - Slapshot by Dustin Byfuglien.
16:12 of 1st period - Stopped by Sergei Bobrovsky with a rebound.
16:14 of 1st period - Wrist shot by Dustin Byfuglien.
16:14 of 1st period - Stopped by Sergei Bobrovsky without a rebound.
16:15 of 1st period - Patrice Bergeron wins face-off versus Evgeni Malkin in Devils zone.
16:20 of 1st period - Wrist shot by Alex DeBrincat.
16:20 of 1st period - Stopped by Connor Hellebuyck without a rebound.
16:21 of 1st period - Patrice Bergeron wins face-off versus Evgeni Malkin in Golden Knights zone.
16:22 of 1st period - Wrist shot by Jeff Skinner.
16:22 of 1st period - Shot Misses the Net.
16:24 of 1st period - Slapshot by Jonathon Merrill.
16:24 of 1st period - Stopped by Connor Hellebuyck with a rebound.
16:26 of 1st period - Slapshot by Jonathon Merrill.
16:26 of 1st period - Deflect By Alex DeBrincat.
16:26 of 1st period - Shot Misses the Net.
16:26 of 1st period - Puck is out of play.
16:27 of 1st period - Pavel Buchnevich wins face-off versus Blake Coleman in Golden Knights zone.
16:36 of 1st period - Slapshot by Antoine Roussel.
16:36 of 1st period - Shot Blocked by Jonathon Merrill.
16:38 of 1st period - Slapshot by P.K. Subban.
16:38 of 1st period - Shot Blocked by Jonathon Merrill.
16:40 of 1st period - Snap shot by Antoine Roussel.
16:40 of 1st period - Deflect By Brock Boeser.
16:40 of 1st period - Shot Blocked by Jonathon Merrill.
16:40 of 1st period - Puck is out of play.
16:41 of 1st period - Evgeni Malkin wins face-off versus Patrice Bergeron in Devils zone.
17:39 of 1st period - Snap shot by Brock Boeser.
17:39 of 1st period - Stopped by Sergei Bobrovsky with a rebound.
17:41 of 1st period - Snap shot by Brooks Orpik.
17:41 of 1st period - Shot Misses the Net.
17:43 of 1st period - Wrist shot by Brock Boeser.
17:43 of 1st period - Stopped by Sergei Bobrovsky without a rebound.
17:44 of 1st period - Nic Dowd wins face-off versus Patrice Bergeron in Devils zone.
17:55 of 1st period - Snap shot by Nic Dowd.
17:55 of 1st period - Stopped by Sergei Bobrovsky with a rebound.
18:39 of 1st period - Wrist shot by Sam Steel.
18:39 of 1st period - Stopped by Connor Hellebuyck without a rebound.
18:40 of 1st period - Nic Dowd wins face-off versus Anze Kopitar in Golden Knights zone.
19:12 of 1st period - Wrist shot by Evgeni Malkin.
19:12 of 1st period - Shot Misses the Net.
19:14 of 1st period - Wrist shot by Evgeni Malkin.
19:14 of 1st period - Goal by Evgeni Malkin - Golden Knights : 4 - Devils : 0.
19:14 of 1st period - Devan Dubnyk enters game.
19:15 of 1st period - Patrice Bergeron wins face-off versus Blake Coleman in neutral zone.
19:47 of 1st period - Slapshot by Johnny Gaudreau.
19:47 of 1st period - Stopped by Connor Hellebuyck without a rebound.
19:48 of 1st period - Kyle Okposo wins face-off versus Anze Kopitar in Golden Knights zone.
Goals for this period are 4 for Golden Knights vs 0 for Devils.
Shots for this period are 19 for Golden Knights vs 8 for Devils.

2nd period


0:01 of 2nd period - Patrice Bergeron wins face-off versus Blake Coleman in neutral zone.
0:03 of 2nd period - Off-side.
0:04 of 2nd period - Patrice Bergeron wins face-off versus Blake Coleman in neutral zone.
0:37 of 2nd period - Wrist shot by Evgeni Malkin.
0:37 of 2nd period - Stopped by Devan Dubnyk without a rebound.
0:38 of 2nd period - Nic Dowd wins face-off versus Pavel Buchnevich in Devils zone.
0:39 of 2nd period - Snap shot by Kyle Okposo.
0:39 of 2nd period - Shot Misses the Net.
0:49 of 2nd period - Johnny Gaudreau is hit by Drake Caggiula and loses puck.
1:21 of 2nd period - Off-side.
1:22 of 2nd period - Sam Steel wins face-off versus Blake Coleman in neutral zone.
1:25 of 2nd period - Wrist shot by Dominik Kahun.
1:25 of 2nd period - Deflect By Ryan Pulock.
1:25 of 2nd period - Stopped by Connor Hellebuyck with a rebound.
1:47 of 2nd period - Brooks Orpik is hit by Neal Pionk and loses puck.
1:56 of 2nd period - Slapshot by Phil Kessel.
1:56 of 2nd period - Shot Misses the Net.
1:58 of 2nd period - Slapshot by Kris Russell.
1:58 of 2nd period - Deflect By Pavel Buchnevich.
1:58 of 2nd period - Stopped by Devan Dubnyk without a rebound.
1:59 of 2nd period - Nic Dowd wins face-off versus Patrice Bergeron in Devils zone.
2:00 of 2nd period - Wrist shot by Kyle Okposo.
2:00 of 2nd period - Shot Misses the Net.
2:14 of 2nd period - Snap shot by Alex DeBrincat.
2:14 of 2nd period - Stopped by Connor Hellebuyck with a rebound.
2:16 of 2nd period - Slapshot by Calvin de Haan.
2:16 of 2nd period - Stopped by Connor Hellebuyck without a rebound.
2:17 of 2nd period - Anze Kopitar wins face-off versus Blake Coleman in Golden Knights zone.
2:26 of 2nd period - Anze Kopitar is hit by Blake Coleman and loses puck.
2:43 of 2nd period - Alex DeBrincat is hit by Dustin Byfuglien and loses puck.
2:48 of 2nd period - Slapshot by Phil Kessel.
2:48 of 2nd period - Shot Misses the Net.
2:50 of 2nd period - Slapshot by Phil Kessel.
2:50 of 2nd period - Shot Misses the Net.
3:10 of 2nd period - Calvin de Haan is hit by Drake Caggiula and loses puck.
3:33 of 2nd period - Wrist shot by Jesper Fast.
3:33 of 2nd period - Stopped by Connor Hellebuyck without a rebound.
3:34 of 2nd period - Radek Faksa wins face-off versus Evgeni Malkin in Golden Knights zone.
3:41 of 2nd period - P.K. Subban is hit by Michael Del Zotto.
5:13 of 2nd period - Slapshot by Phil Kessel.
5:13 of 2nd period - Shot Misses the Net.
5:47 of 2nd period - Snap shot by Phil Kessel.
5:47 of 2nd period - Deflect By Evgeni Malkin.
5:47 of 2nd period - Stopped by Devan Dubnyk without a rebound.
5:48 of 2nd period - Anze Kopitar wins face-off versus Brock Boeser in Devils zone.
5:53 of 2nd period - Wrist shot by Anze Kopitar.
5:53 of 2nd period - Shot Misses the Net.
5:55 of 2nd period - Wrist shot by Pavel Buchnevich.
5:55 of 2nd period - Stopped by Connor Hellebuyck without a rebound.
5:56 of 2nd period - Blake Coleman wins face-off versus Anze Kopitar in Golden Knights zone.
6:00 of 2nd period - Anze Kopitar and Dustin Byfuglien fight to a draw.
6:00 of 2nd period - Penalty to Anze Kopitar for Fighting.
6:00 of 2nd period - Penalty to Dustin Byfuglien for Fighting.
6:01 of 2nd period - Kyle Turris wins face-off versus Blake Coleman in Devils zone.
6:05 of 2nd period - Off-side.
6:06 of 2nd period - Kyle Turris wins face-off versus Blake Coleman in neutral zone.
6:38 of 2nd period - Snap shot by Drake Caggiula.
6:38 of 2nd period - Shot Misses the Net.
6:54 of 2nd period - Daniel O'Regan is hit by Neal Pionk and loses puck.
7:48 of 2nd period - Slapshot by Nic Dowd.
7:48 of 2nd period - Stopped by Devan Dubnyk with a rebound.
8:56 of 2nd period - Snap shot by Kyle Okposo.
8:56 of 2nd period - Shot Misses the Net.
9:06 of 2nd period - Calvin de Haan is hit by Blake Coleman and loses puck.
9:15 of 2nd period - Wrist shot by Brock Boeser.
9:15 of 2nd period - Shot Blocked by Pavel Buchnevich.
9:41 of 2nd period - Icing by Daniel O'Regan.
9:42 of 2nd period - Jesper Fast wins face-off versus Byron Froese in Golden Knights zone.
10:13 of 2nd period - Snap shot by Jesper Fast.
10:13 of 2nd period - Stopped by Connor Hellebuyck without a rebound.
10:14 of 2nd period - Blake Coleman wins face-off versus Patrice Bergeron in Golden Knights zone.
10:41 of 2nd period - Drake Caggiula is hit by Jonathon Merrill and loses puck.
11:07 of 2nd period - Wrist shot by Evgeni Malkin.
11:07 of 2nd period - Shot Misses the Net.
11:09 of 2nd period - Wrist shot by Derek Stepan.
11:09 of 2nd period - Shot Misses the Net.
11:11 of 2nd period - Snap shot by Phil Kessel.
11:11 of 2nd period - Shot Blocked by Calvin de Haan.
11:22 of 2nd period - Off-side.
11:23 of 2nd period - Patrice Bergeron wins face-off versus Blake Coleman in neutral zone.
11:38 of 2nd period - Slapshot by Brock Boeser.
11:38 of 2nd period - Stopped by Devan Dubnyk without a rebound.
11:39 of 2nd period - Anze Kopitar wins face-off versus Nic Dowd in Devils zone.
11:39 of 2nd period - Anze Kopitar is hit by P.K. Subban.
11:49 of 2nd period - Snap shot by Anze Kopitar.
11:49 of 2nd period - Stopped by Connor Hellebuyck with a rebound.
11:51 of 2nd period - Slapshot by Jared Spurgeon.
11:51 of 2nd period - Stopped by Connor Hellebuyck without a rebound.
11:52 of 2nd period - Anze Kopitar wins face-off versus Blake Coleman in Golden Knights zone.
12:26 of 2nd period - Slapshot by Jared Spurgeon.
12:26 of 2nd period - Stopped by Connor Hellebuyck without a rebound.
12:27 of 2nd period - Evgeni Malkin wins face-off versus Sam Steel in Golden Knights zone.
12:37 of 2nd period - Jonathon Merrill is hit by Brooks Orpik and loses puck.
13:21 of 2nd period - P.K. Subban is hit by Neal Pionk and loses puck.
13:27 of 2nd period - Off-side.
13:28 of 2nd period - Patrice Bergeron wins face-off versus Evgeni Malkin in neutral zone.
14:03 of 2nd period - Snap shot by Derek Stepan.
14:03 of 2nd period - Shot Misses the Net.
14:05 of 2nd period - Slapshot by Kris Russell.
14:05 of 2nd period - Stopped by Devan Dubnyk with a rebound.
14:07 of 2nd period - Wrist shot by Blake Coleman.
14:07 of 2nd period - Shot Misses the Net.
14:26 of 2nd period - Off-side.
14:27 of 2nd period - Blake Coleman wins face-off versus Patrice Bergeron in neutral zone.
14:55 of 2nd period - Snap shot by Dominik Kahun.
14:55 of 2nd period - Stopped by Connor Hellebuyck without a rebound.
14:56 of 2nd period - Evgeni Malkin wins face-off versus Sam Steel in Golden Knights zone.
15:21 of 2nd period - Backhand shot by Dominik Kahun.
15:21 of 2nd period - Shot Misses the Net.
15:37 of 2nd period - P.K. Subban is hit by Michael Del Zotto and loses puck.
15:52 of 2nd period - Backhand shot by Anze Kopitar.
15:52 of 2nd period - Shot Misses the Net.
16:01 of 2nd period - Off-side.
16:02 of 2nd period - Evgeni Malkin wins face-off versus Patrice Bergeron in neutral zone.
16:19 of 2nd period - Snap shot by Alex DeBrincat.
16:19 of 2nd period - Stopped by Connor Hellebuyck with a rebound.
16:29 of 2nd period - Kris Russell is hit by Jonathon Merrill and loses puck.
16:50 of 2nd period - Wrist shot by Brock Boeser.
16:50 of 2nd period - Stopped by Devan Dubnyk with a rebound.
16:52 of 2nd period - Wrist shot by Nic Dowd.
16:52 of 2nd period - Shot Misses the Net.
17:22 of 2nd period - Snap shot by Jeff Skinner.
17:22 of 2nd period - Stopped by Connor Hellebuyck without a rebound.
17:23 of 2nd period - Evgeni Malkin wins face-off versus Anze Kopitar in Golden Knights zone.
17:34 of 2nd period - Snap shot by Evgeni Malkin.
17:34 of 2nd period - Shot Misses the Net.
17:36 of 2nd period - Slapshot by Brooks Orpik.
17:36 of 2nd period - Shot Blocked by Michael Del Zotto.
17:38 of 2nd period - Slapshot by Brooks Orpik.
17:38 of 2nd period - Stopped by Devan Dubnyk with a rebound.
17:40 of 2nd period - Slapshot by Ryan Pulock.
17:40 of 2nd period - Shot Blocked by Torey Krug.
18:13 of 2nd period - Wrist shot by Drake Caggiula.
18:13 of 2nd period - Shot Misses the Net.
18:33 of 2nd period - Calvin de Haan is hit by Dustin Byfuglien and loses puck.
18:44 of 2nd period - Slapshot by Evgeni Malkin.
18:44 of 2nd period - Stopped by Devan Dubnyk with a rebound.
19:18 of 2nd period - Patrice Bergeron is hit by Kyle Okposo and loses puck.
Goals for this period are 0 for Golden Knights vs 0 for Devils.
Shots for this period are 9 for Golden Knights vs 12 for Devils.

3rd period


0:01 of 3rd period - Anze Kopitar wins face-off versus Evgeni Malkin in neutral zone.
0:32 of 3rd period - Off-side.
0:33 of 3rd period - Patrice Bergeron wins face-off versus Blake Coleman in neutral zone.
0:44 of 3rd period - Snap shot by Patrice Bergeron.
0:44 of 3rd period - Shot Misses the Net.
1:07 of 3rd period - Wrist shot by Kyle Turris.
1:07 of 3rd period - Shot Misses the Net.
1:22 of 3rd period - Off-side.
1:23 of 3rd period - Anze Kopitar wins face-off versus Evgeni Malkin in neutral zone.
1:38 of 3rd period - Snap shot by Evgeni Malkin.
1:38 of 3rd period - Goal by Evgeni Malkin - Golden Knights : 5 - Devils : 0.
1:39 of 3rd period - Anze Kopitar wins face-off versus Nic Dowd in neutral zone.
1:54 of 3rd period - Nic Dowd is hit by Johnny Gaudreau and loses puck.
2:32 of 3rd period - Slapshot by Kyle Okposo.
2:32 of 3rd period - Shot Blocked by Neal Pionk.
2:59 of 3rd period - Snap shot by Dominik Kahun.
2:59 of 3rd period - Stopped by Connor Hellebuyck without a rebound.
3:00 of 3rd period - Patrice Bergeron wins face-off versus Evgeni Malkin in Golden Knights zone.
3:05 of 3rd period - Slapshot by Phil Kessel.
3:05 of 3rd period - Stopped by Devan Dubnyk without a rebound.
3:06 of 3rd period - Evgeni Malkin wins face-off versus Patrice Bergeron in Devils zone.
4:05 of 3rd period - Snap shot by Daniel O'Regan.
4:05 of 3rd period - Stopped by Devan Dubnyk without a rebound.
4:06 of 3rd period - Evgeni Malkin wins face-off versus Patrice Bergeron in Devils zone.
4:11 of 3rd period - Backhand shot by Phil Kessel.
4:11 of 3rd period - Deflect By Alex DeBrincat.
4:11 of 3rd period - Shot Blocked by Neal Pionk.
4:11 of 3rd period - Puck is out of play.
4:12 of 3rd period - Patrice Bergeron wins face-off versus Evgeni Malkin in Devils zone.
4:42 of 3rd period - Minor Penalty to Dustin Byfuglien for Roughing.
4:43 of 3rd period - Anze Kopitar wins face-off versus Blake Coleman in Golden Knights zone.
4:56 of 3rd period - Snap shot by Johnny Gaudreau.
4:56 of 3rd period - Stopped by Connor Hellebuyck without a rebound.
4:57 of 3rd period - Patrice Bergeron wins face-off versus Blake Coleman in Golden Knights zone.
5:00 of 3rd period - Snap shot by Alex DeBrincat.
5:00 of 3rd period - Shot Misses the Net.
5:55 of 3rd period - Wrist shot by Derek Stepan.
5:55 of 3rd period - Golden Knights goal is going for a video replay.
5:55 of 3rd period - The goal is good.
5:55 of 3rd period - Goal by Derek Stepan - Golden Knights : 6 - Devils : 0.
5:56 of 3rd period - Blake Coleman wins face-off versus Patrice Bergeron in neutral zone.
6:29 of 3rd period - Slapshot by Torey Krug.
6:29 of 3rd period - Stopped by Connor Hellebuyck with a rebound.
6:42 of 3rd period - Penalty to Dustin Byfuglien is over, Dustin Byfuglien is back on ice.
7:34 of 3rd period - Slapshot by Anze Kopitar.
7:34 of 3rd period - Stopped by Connor Hellebuyck without a rebound.
7:35 of 3rd period - Evgeni Malkin wins face-off versus Anze Kopitar in Golden Knights zone.
7:46 of 3rd period - Slapshot by Phil Kessel.
7:46 of 3rd period - Shot Blocked by Michael Del Zotto.
7:48 of 3rd period - Snap shot by Ryan Pulock.
7:48 of 3rd period - Stopped by Devan Dubnyk with a rebound.
7:50 of 3rd period - Slapshot by Ryan Pulock.
7:50 of 3rd period - Deflect By Johnny Gaudreau.
7:50 of 3rd period - Stopped by Devan Dubnyk without a rebound.
7:51 of 3rd period - Blake Coleman wins face-off versus Patrice Bergeron in Devils zone.
8:10 of 3rd period - Brooks Orpik is hit by Neal Pionk and loses puck.
8:45 of 3rd period - Kris Russell is hit by Calvin de Haan and loses puck.
8:52 of 3rd period - Wrist shot by Dominik Kahun.
8:52 of 3rd period - Shot Blocked by P.K. Subban.
8:54 of 3rd period - Snap shot by Dominik Kahun.
8:54 of 3rd period - Deflect By Kyle Turris.
8:54 of 3rd period - Stopped by Connor Hellebuyck without a rebound.
8:55 of 3rd period - Patrice Bergeron wins face-off versus Blake Coleman in Golden Knights zone.
10:26 of 3rd period - Wrist shot by Patrice Bergeron.
10:26 of 3rd period - Stopped by Connor Hellebuyck without a rebound.
10:27 of 3rd period - Patrice Bergeron wins face-off versus Evgeni Malkin in Golden Knights zone.
10:56 of 3rd period - Ryan Pulock is hit by Torey Krug.
11:32 of 3rd period - Antoine Roussel is hit by Radek Faksa and loses puck.
11:52 of 3rd period - Snap shot by Antoine Roussel.
11:52 of 3rd period - Shot Blocked by Calvin de Haan.
12:05 of 3rd period - Minor Penalty to Antoine Roussel for Roughing.
12:06 of 3rd period - Anze Kopitar wins face-off versus Patrik Berglund in Golden Knights zone.
12:15 of 3rd period - Snap shot by Johnny Gaudreau.
12:15 of 3rd period - Shot Blocked by Kris Russell.
12:19 of 3rd period - Wrist shot by Johnny Gaudreau.
12:19 of 3rd period - Stopped by Connor Hellebuyck with a rebound.
12:21 of 3rd period - Snap shot by Johnny Gaudreau.
12:21 of 3rd period - Shot Blocked by Korbinian Holzer.
12:33 of 3rd period - Korbinian Holzer is hit by Neal Pionk and loses puck.
14:05 of 3rd period - Penalty to Antoine Roussel is over, Antoine Roussel is back on ice.
14:29 of 3rd period - Jesper Fast is hit by Dustin Byfuglien and loses puck.
14:48 of 3rd period - Sam Steel is hit by Ryan Pulock and loses puck.
14:59 of 3rd period - Ryan Pulock is hit by Radek Faksa and loses puck.
15:03 of 3rd period - Icing by Ryan Pulock.
15:04 of 3rd period - Nic Dowd wins face-off versus Jesper Fast in Golden Knights zone.
15:09 of 3rd period - Wrist shot by Nic Dowd.
15:09 of 3rd period - Shot Blocked by Jonathon Merrill.
15:11 of 3rd period - Snap shot by P.K. Subban.
15:11 of 3rd period - Stopped by Devan Dubnyk with a rebound.
15:13 of 3rd period - Snap shot by Ryan Pulock.
15:13 of 3rd period - Shot Blocked by Valtteri Filppula.
15:15 of 3rd period - Snap shot by Drake Caggiula.
15:15 of 3rd period - Stopped by Devan Dubnyk without a rebound.
15:16 of 3rd period - Anze Kopitar wins face-off versus Evgeni Malkin in Devils zone.
15:16 of 3rd period - Anze Kopitar is hit by Derek Stepan.
16:01 of 3rd period - Kyle Okposo is hit by Alex DeBrincat and loses puck.
16:10 of 3rd period - Snap shot by Patrice Bergeron.
16:10 of 3rd period - Deflect By P.K. Subban.
16:10 of 3rd period - Shot Blocked by Dustin Byfuglien.
16:10 of 3rd period - Puck is out of play.
16:11 of 3rd period - Anze Kopitar wins face-off versus Evgeni Malkin in Golden Knights zone.
16:42 of 3rd period - Wrist shot by Antoine Roussel.
16:42 of 3rd period - Stopped by Devan Dubnyk without a rebound.
16:43 of 3rd period - Blake Coleman wins face-off versus Patrice Bergeron in Devils zone.
16:43 of 3rd period - Alex DeBrincat beats up Blake Coleman.
16:43 of 3rd period - Penalty to Alex DeBrincat for Fighting.
16:43 of 3rd period - Penalty to Blake Coleman for Fighting.
16:44 of 3rd period - Anze Kopitar wins face-off versus Evgeni Malkin in Devils zone.
17:11 of 3rd period - P.K. Subban is hit by Kyle Turris and loses puck.
17:35 of 3rd period - Snap shot by Radek Faksa.
17:35 of 3rd period - Goal by Radek Faksa - Golden Knights : 6 - Devils : 1.
17:36 of 3rd period - Evgeni Malkin wins face-off versus Johnny Gaudreau in neutral zone.
17:39 of 3rd period - Slapshot by Derek Stepan.
17:39 of 3rd period - Shot Misses the Net.
17:41 of 3rd period - Slapshot by P.K. Subban.
17:41 of 3rd period - Stopped by Devan Dubnyk with a rebound.
17:43 of 3rd period - Snap shot by P.K. Subban.
17:43 of 3rd period - Stopped by Devan Dubnyk without a rebound.
17:44 of 3rd period - Evgeni Malkin wins face-off versus Anze Kopitar in Devils zone.
18:09 of 3rd period - Slapshot by Evgeni Malkin.
18:09 of 3rd period - Stopped by Devan Dubnyk with a rebound.
18:11 of 3rd period - Snap shot by P.K. Subban.
18:11 of 3rd period - Shot Blocked by Neal Pionk.
18:13 of 3rd period - Slapshot by Dustin Byfuglien.
18:13 of 3rd period - Stopped by Devan Dubnyk with a rebound.
18:15 of 3rd period - Wrist shot by Derek Stepan.
18:15 of 3rd period - Stopped by Devan Dubnyk with a rebound.
18:17 of 3rd period - Slapshot by P.K. Subban.
18:17 of 3rd period - Shot Blocked by Jared Spurgeon.
18:19 of 3rd period - Slapshot by Dustin Byfuglien.
18:19 of 3rd period - Shot Blocked by Neal Pionk.
18:21 of 3rd period - Snap shot by P.K. Subban.
18:21 of 3rd period - Shot Blocked by Johnny Gaudreau.
18:23 of 3rd period - Snap shot by Phil Kessel.
18:23 of 3rd period - Deflect By Evgeni Malkin.
18:23 of 3rd period - Stopped by Devan Dubnyk with a rebound.
18:31 of 3rd period - Backhand shot by Phil Kessel.
18:31 of 3rd period - Shot Misses the Net.
19:05 of 3rd period - Minor Penalty to Anze Kopitar for Hooking.
19:06 of 3rd period - Brock Boeser wins face-off versus Radek Faksa in Devils zone.
Goals for this period are 2 for Golden Knights vs 1 for Devils.
Shots for this period are 15 for Golden Knights vs 8 for Devils.